 Dungeon Crawl Stone Soup version 0.31-a0-636-ge1c0e020e0 (webtiles) character file.

Game seed: 12703772779946391220

551 Revguard the Changeling (level 7, -10/35 HPs)
             Began as a Demonspawn Shapeshifter on Aug 26, 2023.
             Was an Initiate of Ru.
             Killed by divine providence
             ... invoked by an orc priest
              (13 damage)
             ... on level 5 of the Dungeon.
             The game lasted 00:12:55 (3874 turns).

Revguard the Changeling (Demonspawn Shapeshifter)   Turns: 3874, Time: 00:12:56

Health: -10/35     AC: 13    Str: 14    XL:     7   Next: 7%
Magic:  7/7        EV: 13    Int: 14    God:    Ru [......]
Gold:   287        SH:  0    Dex: 19    Spells: 6/6 levels left

rFire   . .          .
                       - Unarmed
rCold   . . .        (shield currently unavailable)
rNeg    . . .        n - +1 robe "Weicasiur" {Regen+ Int+2 Dex+5}
rPois   .            (no helmet)
rElec   .            (no cloak)
rCorr   .            e - +0 pair of gloves
SInv    .            (no boots)
Will    .....        (no amulet)
Stlth   +            (no ring)
HPRegen 1.05/turn    (no ring)
MPRegen 0.10/turn

%: no passive effects
@: flux-form, sanguine armoured, glowing
A: glow, contaminating, reduced hp, demonic guardian 1, spiny 1, sanguine armour
2
a: Begin Untransformation, Renounce Religion


You were on level 5 of the Dungeon.
You worshipped Ru.
Ru was noncommittal.
You were something dangerously unstable.
You visited 1 branch of the dungeon, and saw 5 of its levels.

You collected 287 gold pieces.

Inventory:

Missiles
 p - a throwing net
Armour
 a - a +0 animal skin
 e - a +0 pair of gloves (worn)
 n - the +1 robe "Weicasiur" (worn) {Regen+ Int+2 Dex+5}
   (You found it on level 4 of the Dungeon)

   Int+2:     It affects your intelligence (+2).
   Dex+5:     It affects your dexterity (+5).
   Regen+:    It increases your rate of health regeneration.
Talismans
 c - a beast talisman
 d - a flux talisman (active)
Scrolls
 f - a scroll of noise
 g - a scroll of vulnerability
 h - a scroll of identify
 m - a scroll of silence
 q - a scroll of immolation {unknown}
 r - 3 scrolls of teleportation {unknown}
Potions
 b - a potion of lignification
 i - a potion of heal wounds
 j - a potion of ambrosia
 k - a potion of attraction
 l - a potion of might {unknown}
 o - 3 potions of curing


   Skills:
 + Level 3.0 Fighting
 + Level 2.2 Armour
 + Level 3.2 Dodging
 + Level 2.8 Stealth
 + Level 3.8 Unarmed Combat
 * Level 3.8 Shapeshifting


You had 6 spell levels left.
You didn't know any spells.
Your spell library contained the following spells:

 Spells                   Type           Power      Damage    Failure   Level
 Apportation              Tloc           0%         N/A       28%         1
 Lesser Beckoning         Tloc           0%         N/A       41%         2
 Gell's Gravitas          Tloc           0%         N/A       65%         3
 Teleport Other           Tloc           0%         N/A       65%         3
 Alistair's Intoxication  Tmut/Pois      0%         N/A       100%        5


Dungeon Overview and Level Annotations

Branches:
Dungeon (5/15)
 Temple: D:4-7

Altars:
Fedhas
Gozag
Okawaru
Qazlal
Ru
Trog


Innate Abilities, Weirdness & Mutations

You are something dangerously unstable.
You glow with magical radiation, making you easy to see and hit.
Foes you strike become dangerously contaminated with magical radiation.
Your maximum health is decreased, since you lack skill for your form.
You are incapable of wielding weapons or throwing items.
A weak demonic guardian rushes to your aid.
You are partially covered in sharp spines.
When seriously injured, your blood forms thick armour. (AC +9)


Message History

You hit the orc.
The orc begins to glow.
The orc is severely wounded.
The orc is struck by your spines.
You kill the orc!
The orc priest calls down the wrath of Beogh upon you.
Beogh smites you!
Things that are here:
a +0 flail; a +0 leather armour You barely miss the orc.
You hit the orc.
The orc begins to glow.
The orc is moderately wounded.
The orc is struck by your spines.
You kill the orc!
The orc priest calls down the wrath of Beogh upon you.
Pain shoots through your body!
Your blood congeals into armour.
Things that are here:
a +0 falchion; an orc corpse You hit the orc priest but do no damage.
The orc priest begins to glow.
The orc priest hits you with a +0 flail.
A demonic guardian appears!
You barely miss the orc priest.
The orc priest looks braver for a moment.
You hit the orc priest.
The orc priest glows dangerously bright.
The orc priest is lightly wounded.
The orc priest is struck by your spines.
The orc priest hits you but does no damage.
You barely miss the orc priest.
The orc priest is moderately wounded.
The orc priest mumbles some strange prayers to Beogh against you.
Pain shoots through your body!
* * * LOW HITPOINT WARNING * * *
You hit the orc priest.
The orc priest shudders as magic cascades through it.
The orc priest twists and deforms.
The orc priest is almost dead.
The orc priest invokes the aid of Beogh against you.
Beogh smites you!
You die...

#>#
#####.#######
............#
......#####.#
####### #.#
#.# #.#
#$#######.#
#....5Bo..#
###########


You could see an orc priest (misshapen, ally target) and a friendly iron imp
(summoned).

Vanquished Creatures
  A sky beast (D:5)
  A black bear (D:4)
  A phantom (D:4)
  A scorpion (D:5)
  A jelly (D:5)
  4 gnolls (D:4)
  8 adders
  5 worms
  6 orcs
  10 endoplasms
  9 goblins
  5 hobgoblins
  3 jackals (D:1)
  3 quokkas
  3 ball pythons
  5 bats
  2 frilled lizards (D:2)
  3 kobolds
  5 rats
76 creatures vanquished.

Vanquished Creatures (collateral kills)
  A goblin (D:4)
  A hobgoblin (D:4)
  A quokka (D:4)
3 creatures vanquished.

Grand Total: 79 creatures vanquished

Notes
Turn   | Place    | Note
-------+----------+-------------------------------------------
     0 | D:1      | Revguard the Demonspawn Shapeshifter began the quest for
                  | the Orb.
     0 | D:1      | Reached XP level 1. HP: 15/15 MP: 1/1
   369 | D:1      | Found a faded altar of an unknown god.
   380 | D:1      | Gained mutation: When seriously injured, your blood forms
                  | armour. (AC +9) [demonic ancestry]
   380 | D:1      | Reached XP level 2. HP: 3/21 MP: 2/2
   894 | D:2      | Reached skill level 1 in Stealth
   894 | D:2      | Reached XP level 3. HP: 15/26 MP: 3/3
   966 | D:2      | Found a bloodstained altar of Trog.
  1157 | D:2      | Identified the +2 rapier of Haumneim {vamp, Str+2 Dex-5
                  | Stlth+}
  1495 | D:3      | Found a blossoming altar of Fedhas.
  1574 | D:3      | Reached XP level 4. HP: 31/33 MP: 4/4
  1574 | D:3      | Found an iron altar of Okawaru.
  1851 | D:3      | Reached skill level 1 in Armour
  2433 | D:3      | Noticed an angel
  2611 | D:4      | Noticed an ogre
  2640 | D:5      | Entered Level 5 of the Dungeon
  2799 | D:4      | Noticed a phantom
  2816 | D:4      | Killed a phantom
  2817 | D:4      | Gained mutation: When seriously injured, your blood forms
                  | thick armour. (AC +9) [demonic ancestry]
  2817 | D:4      | Reached XP level 5. HP: 15/39 MP: 5/5
  2949 | D:4      | Noticed a black bear
  2976 | D:4      | Killed a black bear
  2977 | D:4      | Gained mutation: A weak demonic guardian rushes to your
                  | aid. [demonic ancestry]
  2977 | D:4      | Reached XP level 6. HP: 19/46 MP: 6/6
  3048 | D:4      | Identified the +1 robe "Weicasiur" {Regen+ Int+2 Dex+5}
  3490 | D:5      | Found a stormy altar of Qazlal.
  3490 | D:5      | Noticed a sky beast
  3502 | D:5      | Killed a sky beast
  3503 | D:5      | Identified the +1 leather armour of Servitude {Int+3}
  3574 | D:5      | Found an opulent altar of Gozag.
  3660 | D:5      | Found a sacrificial altar of Ru.
  3670 | D:5      | Gained mutation: You are partially covered in sharp spines.
                  | [demonic ancestry]
  3670 | D:5      | Reached XP level 7. HP: 29/52 MP: 7/7
  3673 | D:5      | Became a worshipper of Ru the Awakened
  3874 | D:5      | Killed from afar by an orc priest

Illustrated notes

Levels and vault maps discovered:
D:1:      minmay_arrival_cross, layout_rooms,
          hellmonk_ecumenical_altar_dog_temple
D:2:      layout_rooms, basic_altar, corexii_corridor_pit, st_stairs_13,
          kennysheep_generic_room_6
D:3:      layout_basic, old_standard_altar, mainiacjoe_overflow_brackets,
          zin_angel, minmay_goblin_outpost
D:4:      cheibrodos_greedy_goblins, layout_basic
D:5:      layout_loops_ring, overflow_temple_1_default,
          nicolae_qazlal_beasts_of_the_sky, nicolae_ru_sacrificial_ziggurat,
          mainiacjoe_overflow_alcove_2, nicolae_wormholes

Skill      XL: |  1  2  3  4  5  6 |
---------------+-------------------+-----
Dodging        | 2 3 |  3.2
Stealth        | 1 2 |  2.8
Unarmed Combat | 3 |  3.8
Shapeshifting  | 3 |  3.8
Armour         | 1 2 |  2.2
Fighting       | 2 3 |  3.0

Action                     |  1- 3 |  4- 6 |  7- 9 || total
---------------------------+-------+-------+-------++-------
  Melee: Unarmed           |   109 |   166 |    15 ||   290
         Dagger            |     5 |       |       ||     5
         Punch             |     3 |     3 |       ||     6
    Use: Potion            |     5 |     3 |       ||     8
         Scroll            |     5 |     1 |       ||     6
   Stab: Sleeping          |     2 |     3 |       ||     5
 Armour: Animal skin       |    47 |    34 |       ||    81
         Robe              |       |     8 |     2 ||    10
  Dodge: Dodged            |    88 |   105 |     4 ||   197
   Form: Flux              |     2 |     2 |       ||     4
         Beast             |     2 |     1 |       ||     3
                           |     1 |       |       ||     1

Table legend: (Time is in decaauts)
 A = Elapsed time spent in this place.
 B = Non-inter-level travel time spent in this place.
 C = Inter-level travel time spent in this place.
 D = Time resting spent in this place.
 E = Time spent auto-exploring this place.
 F = Levels seen in this place.
 G = Mean time per level.
                   A        B        C        D        E       F      G
               +--------+--------+--------+--------+--------+-----+--------+
         Total |   3855 |   3810 |     45 |    275 |   2441 |   5 |  771.0 |
       Dungeon |   3855 |   3810 |     45 |    275 |   2441 |   5 |  771.0 |
               +--------+--------+--------+--------+--------+-----+--------+

Top non-repeatable levels by time:
     D:3: 968 daAuts
     D:4: 894 daAuts
     D:1: 790 daAuts
     D:2: 694 daAuts
     D:5: 508 daAuts
